 Dungeon Crawl Stone Soup version 0.31.0-32-g396128a36d (webtiles) character file.

Game seed: 12917563053974483209

87442 toela the Destroyer (level 15, -6/127 HPs)
             Began as a White Draconian Conjurer on Mar 29, 2024.
             Was the Champion of Qazlal.
             Killed by divine providence
             ... invoked by a meliai
              (11 damage)
             ... on level 1 of the Spider Nest on Mar 31, 2024.
             The game lasted 03:14:59 (29890 turns).

toela the Destroyer (White Draconian Conjurer)     Turns: 29890, Time: 03:15:00

Health: -6/127     AC: 21    Str: 17    XL:     15   Next: 43%
Magic:  0/50       EV: 17    Int: 20    God:    Qazlal [******]
Gold:   532        SH: 13    Dex: 20    Spells: 6/41 levels left

rFire   . . .        w - +3 rapier (venom)
rCold   + . .        h - +0 buckler
rNeg    . . .        (body armour unavailable)
rPois   .            O - +2 hat
rElec   +            a - +0 cloak
rCorr   .            b - +2 pair of gloves
SInv    +            i - +2 pair of boots
Will    ++...        v - amulet "Zocrocza" {Spirit Fly MP+9 Str+3 Int-5}
Stlth   +            z - ring "Jubijiung" {Str+3 Dex+6 SInv}
HPRegen 0.41/turn    A - ring "Hik Esh" {Wiz rElec Will+ MP+9 Dex+5}
MPRegen 0.32/turn

%: repel missiles, guardian spirit, wizardry (x1)
@: protected from physical damage, flying, studying Shields
A: breathe frost, AC +9, unfitting armour, cold resistance 1, cold-blooded
a: Breathe Frost, Renounce Religion, Upheaval, Elemental Force, Disaster Area


You were on level 1 of the Spider Nest.
You worshipped Qazlal.
Qazlal was exalted by your worship.
You visited 5 branches of the dungeon, and saw 21 of its levels.

You collected 2285 gold pieces.
You spent 1753 gold pieces at shops.

Inventory:

Hand Weapons
 w - a +3 rapier of venom (weapon)
Missiles
 e - 3 curare-tipped darts
 J - 6 throwing nets
 L - 11 atropa-tipped darts (quivered)
Armour
 a - a +0 cloak (worn)
 b - a +2 pair of gloves (worn)
 h - a +0 buckler (worn)
 i - a +2 pair of boots (worn)
 O - a +2 hat (worn)
Jewellery
 f - a ring of protection from fire
 t - the amulet of Viywnyrr {Acrobat Rampage rF- rN+ Will+++}
   (You found it on level 7 of the Dungeon)

   [amulet of the acrobat]

   Acrobat:   It increases your evasion while moving and waiting.
   rF-:       It makes you vulnerable to fire.
   rN+:       It protects you from negative energy.
   Will+++:   It greatly increases your willpower.
   Rampage:   It bestows one free step when moving towards enemies.
 u - a ring of fire
 v - the amulet "Zocrocza" (around neck) {Spirit Fly MP+9 Str+3 Int-5}
   (You found it on level 7 of the Dungeon)

   [amulet of guardian spirit]

   Spirit:    It causes incoming damage to be divided between your reserves of
   health and magic.
   Str+3:     It affects your strength (+3).
   Int-5:     It affects your intelligence (-5).
   MP+9:      It affects your magic capacity (+9).
   Fly:       It grants you flight.
 z - the ring "Jubijiung" (left hand) {Str+3 Dex+6 SInv}
   (You found it on level 7 of the Dungeon)

   [ring of dexterity]

   Str+3:     It affects your strength (+3).
   Dex+6:     It affects your dexterity (+6).
   SInv:      It lets you see invisible.
 A - the ring "Hik Esh" (right hand) {Wiz rElec Will+ MP+9 Dex+5}
   (You found it on level 7 of the Dungeon)

   [ring of wizardry]

   Wiz:       It improves your spell success rate.
   Dex+5:     It affects your dexterity (+5).
   rElec:     It insulates you from electricity.
   Will+:     It increases your willpower.
   MP+9:      It affects your magic capacity (+9).
 N - a ring of flight
Wands
 o - a wand of polymorph (8)
 q - a wand of roots (10)
 E - a wand of paralysis (17)
 K - a wand of flame (19)
Scrolls
 c - 7 scrolls of identify
 j - 5 scrolls of noise
 l - 6 scrolls of immolation
 m - 5 scrolls of teleportation
 n - a scroll of revelation
 p - 3 scrolls of amnesia
 s - 3 scrolls of vulnerability
 Q - a scroll of blinking
 R - a scroll of fog
 S - a scroll of poison
 V - a scroll of enchant armour
Potions
 d - 3 potions of curing
 g - 6 potions of enlightenment
 k - 2 potions of brilliance
 r - a potion of attraction
 B - a potion of ambrosia
 C - a potion of cancellation
 D - 3 potions of might
 H - 2 potions of haste
 I - a potion of berserk rage
 T - a potion of resistance
Miscellaneous
 W - a condenser vane


   Skills:
 * Level 10.3 Fighting
 - Level 1.6 Short Blades
 - Level 1.3 Maces & Flails
 - Level 0.4 Polearms
 - Level 0.4 Throwing
 + Level 7.6 Dodging
 - Level 1.7 Stealth
 + Level 1.8 Shields
 + Level 13.6 Spellcasting
 + Level 14.1 Conjurations
 + Level 4.9 Summonings
 + Level 1.6 Translocations
 + Level 1.9 Fire Magic
 * Level 11.3 Ice Magic
 - Level 6.0 Air Magic
 - Level 1.6 Alchemy
 * Level 9.3 Invocations
 + Level 1.1 Evocations


You had 6 spell levels left.
You knew the following spells:

 Your Spells              Type           Power      Damage    Failure   Level
a - Magic Dart            Conj           100%       1d8       0%          1
b - Searing Ray           Conj           100%       2d8       1%          2
c - Summon Ice Beast      Ice/Summ       46%        N/A       1%          3
d - Blink                 Tloc           40%        N/A       1%          2
e - Fulminant Prism       Conj/Alch      22%        3d12      1%          4
f - Mephitic Cloud        Conj/Alch/Air  42%        N/A       1%          3
g - Iskenderun's Battles  Conj           63%        2d11      1%          5
h - Freezing Cloud        Conj/Ice/Air   26%        6-21      1%          5
i - Flame Wave            Conj/Fire      46%        2d12      1%          4
j - Sculpt Simulacrum     Ice/Alch       19%        N/A       26%         6

Your spell library contained the following spells:

 Spells                   Type           Power      Damage    Failure   Level
 Freeze                   Ice            100%       1d10      1%          1
 Kiss of Death            Conj/Necr      100%       2d13      1%          1
 Shock                    Conj/Air       100%       1d9       1%          1
 Sting                    Conj/Alch      100%       1d9       1%          1
 Call Imp                 Summ           66%        N/A       1%          2
 Mercury Vapours          Alch/Air       56%        N/A       1%          2
 Frozen Ramparts          Ice            100%       1d16      1%          3
 Hailstorm                Conj/Ice       59%        3d11      1%          3
 Swiftness                Air            37%        N/A       1%          3
 Airstrike                Air            18%        2d(3-19)  1%          4
 Iskenderun's Mystic Bla  Conj/Tloc      45%        2d10      1%          4
 Summon Lightning Spire   Summ/Air       35%        N/A       2%          4
 Inner Flame              Hex/Fire       17%        N/A       4%          3
 Confusing Touch          Hex            13%        N/A       8%          3
 Sticky Flame             Fire/Alch      20%        2d6       12%         4
 Bombard                  Conj/Erth      21%        9d4       21%         6
 Dispel Undead            Necr           13%        3d9       24%         4
 Summon Mana Viper        Hex/Summ       23%        N/A       24%         5
 Lee's Rapid Deconstruct  Erth           6%         3d6*      52%         5
 Ozocubu's Refrigeration  Ice            28%        4d13      21%         7
 Spellforged Servitor     Conj/Summ      25%        N/A       38%         7
 Monstrous Menagerie      Summ           16%        N/A       93%         7
 Polar Vortex             Ice            28%        12d3*     100%        9
 Animate Armour           Summ/Erth      Unusable   N/A       N/A         4

Dungeon Overview and Level Annotations

Branches:
Dungeon (12/15)            Temple (1/1) D:6            Lair (5/5) D:8
 Shoals (0/4) Lair:3       Spider (1/4) Lair:2        Slime (0/5) Lair:4
    Orc (2/2) D:11            Elf (0/3) Orc:2

Altars:
Ashenzari
Cheibriados
Dithmenos
Elyvilon
Fedhas
Gozag
Hepliaklqana
Kikubaaqudgha
Makhleb
Nemelex Xobeh
Okawaru
Qazlal
Ru
Sif Muna
Trog
Uskayaw
Vehumet
Wu Jian
Xom
Yredelemnul
Zin
The Shining One
Lugonu

Shops:
D:10 ?*   Orc:1 [   Orc:2 :?:*:*(([

Portals:
Abyss: Lair:5
Trove: D:10 (give +2 gold dragon scales)

Annotations:
D:4 1 transporter, Valakon2's ghost, amateur MiFi
D:7 4 runed translucent doors, convarich's ghost, novice TrFi
Lair:4 exclusion: 4 oklob plants


Innate Abilities, Weirdness & Mutations

You can breathe waves of freezing cold which knock back foes.
Your icy white scales are hard. (AC +9)
You cannot fit into any form of body armour.
Your flesh is cold resistant. (rC+)
You are cold-blooded and may be slowed by cold attacks.


Message History

You kill the culicivora!
Qazlal accepts your kill. You block the redback's attack.
Casting: Flame Wave (mildly dangerous; 1% risk of failure)
Confirm with . or Enter, or press ? or * to list all spells.
You don't have enough magic to cast this spell.
Casting: Flame Wave (mildly dangerous; 1% risk of failure)
Confirm with . or Enter, or press ? or * to list all spells.
Aiming: Mephitic Cloud (safe; 1% risk of failure)
Press: ? - help, Shift-Dir - straight line The ball explodes into a vile cloud!
The stinking cloud engulfs the redback.
The redback is heavily wounded.
The stinking cloud engulfs the jumping spider.
The stinking cloud engulfs the meliai.
The meliai is heavily wounded.
The stinking cloud engulfs the redback.
The redback is severely wounded.
The stinking cloud engulfs you.
The stinking cloud engulfs the culicivora.
The culicivora is lightly wounded.
The jumping spider leaps!
The culicivora is engulfed in noxious fumes.
The culicivora appears confused.
The culicivora closely misses the redback.
The redback bites you but does no damage.
The jumping spider is engulfed in noxious fumes.
Something completely misses the meliai.
The redback is engulfed in noxious fumes.
The redback appears confused.
The redback bites you!
* * * LOW HITPOINT WARNING * * *
The redback completely misses you.
The culicivora is engulfed in noxious fumes.
The culicivora appears confused.
The culicivora bites the redback.
The culicivora draws strength from the redback's injuries!
You hit the redback.
The redback is almost dead.
You have got your breath back.
The meliai invokes the aid of its god against you.
Something smites you!
You die...

##### . ##.#@# ..
######.yss# ..
#.#....§ss☼# #.
##...........#
###..#.......#....#
#....^...#..#######
#.......#..
#..s..s..#..
#......s.##.


You could see a culicivora (confused), a jumping spider, 2 redbacks and a
meliai.

Vanquished Creatures
  Saint Roka (Orc:2)
  Jorgrun (D:11)
  Gastronok (Lair:2)
  Kirke (Lair:3)
  An orc warlord (Orc:1)
  A slime creature (D:12)
  An ettin (Orc:1)
  The ghost of Prival the Severer, a journeyman HOMo of Beogh (Lair:2)
  An entropy weaver (Lair:2)
  A catoblepas (Lair:5)
  Harold (Orc:1)
  A vault guard (D:10)
  5 hydras
  Erolcha (D:11)
  2 boulder beetles
  5 two-headed ogres
  4 death yaks (Lair:3)
  2 demonic crawlers (Spider:1)
  5 orc high priests
  Urug (Orc:1)
  3 thrashing horrors (Lair:5)
  Nergalle (Lair:2)
  Amaemon (Lair:2)
  Lodul (D:10)
  2 skysharks
  3 pharaoh ants
  A large abomination (Lair:5)
  A deep elf pyromancer (D:12)
  Pikel (D:4)
  An orc knight (Orc:1)
  4 ugly things
  A wolf spider (Spider:1)
  A cyclops (D:12)
  6 elephants (Lair:4)
  5 meliai (Spider:1)
  An orange demon (Lair:2)
  A merfolk siren (Lair:3)
  5 torpor snails (Lair:1)
  4 kobold blastminers (Orc:2)
  6 black mambas
  2 smoke demons (Lair:5)
  8 cane toads
  3 gargoyles
  A kobold demonologist (D:12)
  4 komodo dragons
  3 rime drakes (Lair:4)
  2 unseen horrors
  A troll (shapeshifter) (Lair:5)
  7 trolls
  A polar bear (Lair:1)
  A queen bee (Lair:2)
  A tarantella (Spider:1)
  Grinder (D:3)
  2 hornets (Lair:2)
  22 blink frogs
  A raiju (Lair:5)
  2 culicivoras (Spider:1)
  A jumping spider (Lair:2)
  A spriggan (shapeshifter) (Lair:5)
  2 shadows
  A spriggan (Lair:5)
  Sigmund (D:5)
  6 wyverns
  4 wraiths
  3 ynoxinuls (Lair:5)
  2 hogs (Lair:3)
  4 humans (Lair:3)
  34 yaks
  Eustachio (D:5)
  9 basilisks
  4 vampire mosquitoes (D:7)
  A steam dragon (D:8)
  2 wargs (Orc:1)
  6 redbacks (Spider:1)
  A chaos spawn (Lair:5)
  Menkaure (D:5)
  Edmund (D:5)
  3 acid dragons
  18 water moccasins
  2 black bears
  4 ice beasts
  33 orc warriors
  2 sky beasts
  17 ogres
  13 wolves
  7 centaurs
  2 lemures (D:4)
  5 kobold brigands
  16 bullfrogs
  A gnoll sergeant (D:10)
  5 scorpions
  12 small abominations (Lair:5)
  14 wights
  8 killer bees
  An electric eel (Lair:2)
  8 howler monkeys
  3 hounds
  2 bombardier beetles (D:6)
  2 jellies
  17 orc priests
  Crazy Yiuf (D:3)
  A gnoll bouda (D:6)
  Jessica (D:2)
  8 iguanas
  Natasha (thrice) (D:2)
  30 orc wizards
  Robin (D:2)
  16 gnolls
  14 adders
  2 shadow imps (D:8)
  3 white imps
  6 ufetubi
  5 ribbon worms
  121 orcs
  6 bats
  An endoplasm (D:2)
  3 giant cockroaches
  11 goblins
  3 hobgoblins
  3 quokkas
  4 ball pythons
  3 frilled lizards
  13 kobolds
  5 rats
692 creatures vanquished.

Vanquished Creatures (collateral kills)
  A two-headed ogre (D:12)
  A skyshark (Lair:4)
  An elephant (Lair:4)
  A black mamba (Lair:4)
  A phantom (D:5)
  A bullfrog (Lair:4)
  A gnoll sergeant (D:11)
  A howler monkey (D:8)
  2 orc priests
  A sleepcap (D:5)
  An orc wizard (D:8)
  7 orcs
  A quokka (D:4)
20 creatures vanquished.

Vanquished Creatures (others)
  An ugly thing (Lair:5)
  A jumping spider (Spider:1)
  A water moccasin (Lair:5)
  40 fulminant prisms
43 creatures vanquished.

Grand Total: 755 creatures vanquished

Notes
Turn   | Place    | Note
-------+----------+-------------------------------------------
     0 | D:1      | toela the Draconian Conjurer began the quest for the Orb.
     0 | D:1      | Reached XP level 1. HP: 14/14 MP: 3/3
   592 | D:1      | Reached XP level 2. HP: 20/20 MP: 1/5
   805 | D:2      | Noticed Robin
   972 | D:2      | Noticed Natasha
   982 | D:2      | Killed Natasha
   983 | D:2      | Reached XP level 3. HP: 22/27 MP: 0/6
  1017 | D:2      | Killed Robin
  1018 | D:2      | Reached skill level 1 in Fighting
  1018 | D:2      | Reached skill level 5 in Conjurations
  1042 | D:2      | Learned a level 2 spell: Searing Ray
  1192 | D:2      | Reached XP level 4. HP: 33/35 MP: 1/7
  1431 | D:2      | Identified the +3 robe of Vaurch {+Blink Dex+3}
  1438 | D:2      | Noticed Natasha
  1442 | D:2      | Killed Natasha
  1513 | D:2      | Noticed Jessica
  1515 | D:2      | Killed Jessica
  1629 | D:2      | Noticed Natasha
  1632 | D:2      | Killed Natasha
  1633 | D:2      | Reached XP level 5. HP: 41/41 MP: 3/8
  2138 | D:3      | Found a runed translucent door.
  2139 | D:3      | Noticed Crazy Yiuf
  2172 | D:3      | Noticed Grinder
  2188 | D:3      | Paralysed by Grinder for 4 turns
  2205 | D:3      | Killed Grinder
  2206 | D:3      | Reached skill level 6 in Conjurations
  2206 | D:3      | Reached XP level 6. HP: 7/50 MP: 3/10
  2605 | D:3      | Killed Crazy Yiuf
  3016 | D:4      | Your scales start taking on an icy white colour.
  3016 | D:4      | Reached XP level 7. HP: 57/57 MP: 4/11
  3016 | D:4      | Gained mutation: Your flesh is cold resistant. (rC+) [White
                  | Draconian growth]
  3020 | D:4      | Learned a level 3 spell: Summon Ice Beast
  3146 | D:4      | Noticed Pikel
  3196 | D:4      | Killed Pikel
  3197 | D:4      | Reached skill level 7 in Conjurations
  3197 | D:4      | Reached XP level 8. HP: 23/66 MP: 1/14
  3416 | D:4      | Reached skill level 1 in Ice Magic
  3507 | D:4      | Found a transporter.
  3508 | D:4      | Noticed Valakon2's ghost (amateur MiFi)
  3511 | D:4      | Identified the +7 dire flail of toela's Certain Death
                  | {freeze, rF+}
  3649 | D:4      | Learned a level 2 spell: Blink
  3654 | D:4      | Learned a level 4 spell: Fulminant Prism
  3941 | D:5      | Entered Level 5 of the Dungeon
  3941 | D:5      | Noticed Sigmund
  3945 | D:5      | Killed Sigmund
  4115 | D:5      | Reached skill level 1 in Maces & Flails
  4348 | D:5      | Noticed Menkaure
  4536 | D:5      | Killed Menkaure
  4537 | D:5      | Reached skill level 5 in Fighting
  4537 | D:5      | Reached skill level 5 in Spellcasting
  4537 | D:5      | Reached skill level 1 in Summonings
  4604 | D:5      | Noticed Eustachio
  4610 | D:5      | Killed Eustachio
  4846 | D:5      | Learned a level 3 spell: Mephitic Cloud
  4943 | D:5      | Noticed Edmund
  4950 | D:5      | Reached XP level 9. HP: 74/74 MP: 3/17
  4951 | D:5      | Killed Edmund
  4952 | D:5      | Reached skill level 8 in Conjurations
  6198 | D:6      | Found a staircase to the Ecumenical Temple.
  6263 | D:6      | Reached skill level 1 in Short Blades
  6391 | D:6      | Reached skill level 1 in Alchemy
  7197 | D:7      | Found a runed translucent gate.
  7197 | D:7      | Found a runed translucent gate.
  7197 | D:7      | Found a runed translucent gate.
  7197 | D:7      | Noticed a spectral unseen horror
  7197 | D:7      | Noticed a spectral unseen horror
  7197 | D:7      | Noticed convarich's ghost (novice TrFi)
  7215 | D:7      | Reached XP level 10. HP: 84/84 MP: 13/21
  7617 | D:7      | Found a sacrificial altar of Ru.
  7633 | D:7      | Reached skill level 9 in Conjurations
  7694 | Temple   | Entered the Ecumenical Temple
  7776 | Temple   | Became a worshipper of Qazlal Stormbringer
  8260 | D:7      | Reached skill level 5 in Dodging
  8466 | D:7      | Found a runed translucent door.
  8678 | D:7      | Reached skill level 1 in Air Magic
  8847 | D:7      | Noticed a gargoyle
  8863 | D:7      | Killed a gargoyle
  8981 | D:7      | Identified the amulet of Viywnyrr {Acrobat Rampage rF- rN+
                  | Will+++}
  8984 | D:7      | Identified the amulet "Zocrocza" {Spirit Fly MP+9 Str+3
                  | Int-5}
  8993 | D:7      | Identified the ring "Jubijiung" {Str+3 Dex+6 SInv}
  9043 | D:7      | Identified the ring "Hik Esh" {Wiz rElec Will+ MP+9 Dex+5}
  9288 | D:8      | Found a shadowy altar of Dithmenos.
  9298 | D:8      | Found a white marble altar of Elyvilon.
  9429 | D:8      | Reached * piety under Qazlal
  9468 | D:8      | Found a broken altar of Ashenzari.
  9629 | D:8      | Reached skill level 1 in Translocations
  9937 | D:8      | Found a glowing silver altar of Zin.
  9938 | D:8      | Noticed an angel
  9942 | D:8      | Found a shimmering altar of Xom.
 10042 | D:8      | Found an opulent altar of Gozag.
 10054 | D:8      | Found a staircase to the Lair.
 10188 | D:8      | Found a bloodstained altar of Trog.
 10217 | D:8      | Reached XP level 11. HP: 90/92 MP: 21/24
 10518 | Lair:1   | Entered Level 1 of the Lair of Beasts
 10725 | D:9      | Reached skill level 10 in Conjurations
 10893 | D:9      | Learned a level 5 spell: Iskenderun's Battlesphere
 11171 | D:9      | Reached ** piety under Qazlal
 11179 | D:9      | Noticed a two-headed ogre
 11184 | D:9      | Killed a two-headed ogre
 11453 | D:9      | Learned a level 5 spell: Freezing Cloud
 12241 | D:10     | Entered Level 10 of the Dungeon
 12248 | D:10     | Found Rietol's Changing Room.
 12472 | D:10     | Reached skill level 1 in Invocations
 12701 | D:10     | Noticed Lodul
 12706 | D:10     | Killed Lodul
 13228 | D:10     | Noticed a two-headed ogre
 13235 | D:10     | Killed a two-headed ogre
 13236 | D:10     | Reached skill level 10 in Spellcasting
 13351 | D:10     | Noticed a vault guard
 13361 | D:10     | Killed a vault guard
 13376 | D:10     | Found a portal to a secret trove of treasure.
 13471 | D:10     | Noticed a two-headed ogre
 13477 | D:10     | Killed a two-headed ogre
 13478 | D:10     | Reached skill level 5 in Ice Magic
 13623 | D:10     | Found Jytsau Obid's Magic Scroll Shoppe.
 13633 | D:10     | Bought a scroll of revelation for 127 gold pieces
 13633 | D:10     | Bought a scroll of enchant armour for 127 gold pieces
 13633 | D:10     | Bought a scroll of enchant weapon for 127 gold pieces
 13681 | D:10     | Noticed a two-headed ogre
 13685 | D:10     | Killed a two-headed ogre
 13792 | D:10     | Reached skill level 11 in Conjurations
 14034 | D:10     | Found an ancient bone altar of Kikubaaqudgha.
 14060 | D:10     | Found a shimmering blue altar of Sif Muna.
 14075 | D:10     | Found a radiant altar of Vehumet.
 14087 | D:10     | Got Vehumet's Precepts of Combat Magic
 14161 | D:11     | Reached *** piety under Qazlal
 14604 | D:11     | Found a staircase to the Orcish Mines.
 14770 | D:11     | Reached XP level 12. HP: 100/100 MP: 26/26
 15010 | D:11     | Noticed Erolcha
 15014 | D:11     | Killed Erolcha
 15413 | D:11     | Noticed a two-headed ogre
 15420 | D:11     | Killed a two-headed ogre
 16095 | D:12     | Noticed a two-headed ogre
 16101 | D:12     | Killed a two-headed ogre
 16417 | D:12     | Reached skill level 5 in Invocations
 16464 | D:12     | Reached skill level 5 in Air Magic
 16745 | D:12     | Noticed a boulder beetle
 16802 | D:12     | Killed a boulder beetle
 17470 | Lair:1   | Reached **** piety under Qazlal
 18478 | Lair:1   | Reached XP level 13. HP: 105/105 MP: 28/28
 18528 | Lair:1   | Found a snail-covered altar of Cheibriados.
 18533 | Lair:1   | Reached skill level 12 in Conjurations
 19160 | Lair:2   | Noticed Nergalle
 19173 | Lair:2   | Killed Nergalle
 19243 | Lair:2   | Noticed Amaemon
 19253 | Lair:2   | Killed Amaemon
 19258 | Lair:2   | Reached ***** piety under Qazlal
 19482 | Lair:2   | Noticed Gastronok
 19492 | Lair:2   | Killed Gastronok
 19735 | Lair:2   | Found a hole to the Spider Nest.
 19858 | Lair:2   | Found a transporter.
 19860 | Lair:2   | Found a transporter.
 19861 | Lair:2   | Noticed Prival's ghost (journeyman HOMo)
 20604 | Lair:3   | You are sucked into a shaft and drop 1 floor!
 21152 | Lair:3   | Noticed Kirke
 21158 | Lair:3   | Killed Kirke
 21329 | Lair:3   | Reached skill level 13 in Conjurations
 21333 | Lair:3   | Reached XP level 14. HP: 85/116 MP: 6/30
 21731 | Lair:3   | Found a staircase to the Shoals.
 21948 | Lair:4   | Learned a level 4 spell: Flame Wave
 21948 | Lair:4   | Found a staircase to the Slime Pits.
 23225 | Lair:5   | Entered Level 5 of the Lair of Beasts
 23968 | Lair:5   | Reached skill level 10 in Ice Magic
 24620 | Lair:5   | Found a corrupted altar of Lugonu.
 24620 | Lair:5   | Found a one-way gate to the infinite horrors of the Abyss.
 24783 | Lair:5   | Reached skill level 1 in Fire Magic
 24951 | Lair:5   | Reached ****** piety under Qazlal
 25715 | Spider:1 | Entered Level 1 of the Spider Nest
 26130 | Lair:2   | Killed Prival's ghost
 26130 | Lair:2   | Paralysed by a hornet for 1 turns
 26480 | Orc:1    | Entered Level 1 of the Orcish Mines
 26482 | Orc:1    | Noticed Harold
 26488 | Orc:1    | Killed Harold
 26765 | Orc:1    | Noticed Jorgrun
 26783 | D:11     | Killed Jorgrun
 27159 | Orc:1    | Found Zosoxt's Armour Boutique.
 27173 | Orc:1    | Bought a +2 pair of gloves for 264 gold pieces
 27173 | Orc:1    | Bought a +0 buckler for 72 gold pieces
 27256 | Orc:2    | Entered Level 2 of the Orcish Mines
 27256 | Orc:2    | Noticed an orc warlord
 27256 | Orc:2    | Found Goadghiamo's Book Shop.
 27265 | Orc:2    | Reached XP level 15. HP: 125/125 MP: 22/32
 27428 | Orc:2    | Found Plog's Book Shop.
 27609 | Orc:2    | Reached skill level 1 in Evocations
 27938 | Orc:2    | Reached skill level 14 in Conjurations
 28491 | Orc:2    | Bought a book of Ice for 750 gold pieces
 28498 | Orc:2    | Learned a level 6 spell: Sculpt Simulacrum
 28524 | Orc:2    | Found Quwanta's Assorted Antiques.
 28531 | Orc:2    | Found Ocirebaxt's Weapon Shoppe.
 28535 | Orc:2    | Bought a scroll of teleportation for 99 gold pieces
 28535 | Orc:2    | Bought a smoky silvery potion for 29 gold pieces
 28596 | Orc:2    | Reached skill level 10 in Fighting
 28603 | Orc:2    | Noticed Saint Roka
 28632 | Orc:2    | Killed Saint Roka
 28633 | Orc:2    | Reached skill level 1 in Shields
 28847 | Orc:2    | Found Edag's Book Emporium.
 28859 | Orc:2    | Found a staircase to the Elven Halls.
 28930 | Orc:2    | Found Beaxzec's Magic Scroll Emporium.
 28961 | Orc:2    | Found Kexiff's Assorted Antiques.
 28966 | Orc:2    | Bought a wand of paralysis (2) for 158 gold pieces
 29017 | Orc:2    | Found Noffykitz's Antique Weapon Shop.
 29019 | Orc:2    | Found Fettiese's Antique Armour Boutique.
 29199 | Orc:1    | Noticed Urug
 29209 | Orc:1    | Killed Urug
 29874 | Spider:1 | HP: 6/126 [meliai/+0 hand axe (5)]
 29877 | Spider:1 | HP: 2/126 [meliai/divine providence (10)]
 29889 | Spider:1 | HP: 4/127 [redback (8)]
 29890 | Spider:1 | Killed from afar by a meliai

Illustrated notes

Levels and vault maps discovered:
D:1:      scummos_arrival_simple_crosswalls, layout_basic, minmay_crystal_room,
          minmay_tromino_i4
D:2:      wad_pebble_path, layout_basic, minmay_misc_feat_tower, uniq_robin,
          uniq_jessica, uniq_natasha
D:3:      layout_rooms, uniq_crazy_yiuf_cottage, uniq_grinder
D:4:      layout_loops_ring, gammafunk_ghost_smash, kennysheep_generic_room_9,
          uniq_pikel
D:5:      layout_loops_ring, minmay_gold_behind_fungi, minmay_door_square,
          item_on_display_a, uniq_edmund, uniq_menkaure, uniq_sigmund,
          uniq_eustachio
D:6:      minmay_recursive_quarters, layout_loops_ring,
          minmay_temple_entry_from_below_a, serial_bayou_pond_d
D:7:      minmay_the_grid_triangle_9x9_rhombus_full
          [minmay_the_grid_triangle_9x9_windchime,
          minmay_the_grid_triangle_9x9_impossible_snake,
          minmay_the_grid_triangle_9x9_zippers_vertical,
          minmay_the_grid_triangle_9x9_stretched_checkered,
          minmay_the_grid_triangle_9x9_subtriangle,
          minmay_the_grid_triangle_9x9_swiss_cheese,
          minmay_the_grid_triangle_9x9_from_above,
          minmay_the_grid_triangle_9x9_prize_special], layout_basic,
          kennysheep_little_box, gammafunk_ghost_necromancy,
          dreamdust_mushroom_princess
D:8:      layout_loops_ring, evilmike_ruin_ashenzari, grunt_gozag_breadcrumbs,
          mainiacjoe_overflow_large_starburst, trog_butcher_becter,
          grunt_temple_overflow_order_and_chaos_1, lair_entry_dummy
D:9:      layout_layer_cave, minmay_orc_keep
D:10:     layout_grid_maze, palyth_temple_overflow_mages, enter_trove_5,
          serial_shops, shop, nicolae_transmutations_shop, uniq_lodul
D:11:     layout_layer_cave, david_orc_5, nicolae_sextant, uniq_erolcha
D:12:     layout_roguey, serial_glass, glass_columns_a, glass_columns_a,
          minivault_25
Temple:   grunt_temple_mini_profane
Lair:1:   layout_chaotic_city, kennysheep_snail_temple
Lair:2:   layout_loops_ring, nicolae_spider_entry_lesser_pyramids,
          gammafunk_ghost_hive, nicolae_quartered_pool_little, uniq_amaemon,
          uniq_nergalle, uniq_gastronok
Lair:3:   layout_gridlike, minmay_shoals_entry_lonely_mermaid,
          cheibrodos_lair_reptile_den, uniq_kirke
Lair:4:   layout_loops_ring, minmay_slime_entry_oklob_open,
          hangedman_lair_generics_rect
Lair:5:   hellmonk_lair_end_abyssal_woods, layout_misc_corridors,
          gauntlet_entry_generic
Spider:1: layout_spider_delve
Orc:1:    layout_caves, serial_shops, shop, basic_altar, uniq_harold,
          uniq_jorgrun, uniq_urug
Orc:2:    grunt_orc_community_town_hall, layout_diamond_mine,
          grunt_orc_community_big_house_2, grunt_orc_community_big_house_1,
          grunt_orc_community_house_3, grunt_orc_community_house_1,
          grunt_orc_community_house_1, grunt_orc_community_house_2,
          serial_shops, nicolae_shop_trees, nicolae_shop_tiny_glass, shop,
          nicolae_shop_peninsula, nicolae_shop_gibbet_a_chance

Skill      XL: |  1  2  3  4  5  6  7  8  9 10 11 12 13 14 15 |
---------------+----------------------------------------------+-----
Fighting       | 1 2 3 4 5 6 7 8 9 10 | 10.3
Conjurations   | 5 6 7 8 9 11 13 14 | 14.1
Dodging        | 2 3 4 5 6 7 |  7.6
Spellcasting   | 3 4 5 7 9 10 11 12 13 | 13.6
Ice Magic      | 2 3 5 8 9 10 11 | 11.3
Maces & Flails | 1 |  1.3
Summonings     | 1 2 4 |  4.9
Short Blades   | 1 |  1.6
Alchemy        | 1 |  1.6
Air Magic      | 1 3 5 6 |  6.0
Translocations | 1 |  1.6
Invocations    | 3 5 7 8 9 |  9.3
Fire Magic     | 1 |  1.9
Evocations     | 1 |  1.1
Shields        | 1 |  1.8
Polearms       | |  0.4
Throwing       | |  0.4
Stealth        | |  1.7

Action                     |  1- 3 |  4- 6 |  7- 9 | 10-12 | 13-15 || total
---------------------------+-------+-------+-------+-------+-------++-------
  Melee: Spear             |    35 |    29 |       |       |       ||    64
         Tailslap          |     3 |     6 |     5 |     9 |     3 ||    26
         Short sword       |       |     9 |       |       |       ||     9
         Mace              |       |     5 |     9 |       |       ||    14
         Punch             |       |     1 |       |     1 |       ||     2
         Rapier            |       |       |    25 |    99 |    15 ||   139
         Flail             |       |       |     1 |       |       ||     1
  Throw: Dart              |     1 |     3 |       |       |       ||     4
   Cast: Magic Dart        |    34 |    63 |    78 |   244 |   267 ||   686
         Searing Ray       |     1 |    15 |    51 |    93 |   101 ||   261
         Summon Ice Beast  |       |       |     7 |    12 |     7 ||    26
         Fulminant Prism   |       |       |     4 |    17 |    19 ||    40
         Mephitic Cloud    |       |       |     4 |    12 |    10 ||    26
         Blink             |       |       |     2 |     8 |     2 ||    12
         Iskenderun's Batt |       |       |       |    46 |    70 ||   116
         Freezing Cloud    |       |       |       |    35 |    97 ||   132
         Flame Wave        |       |       |       |       |    24 ||    24
 Invoke: Upheaval          |       |       |       |     1 |     1 ||     2
         Elemental Force   |       |       |       |       |     1 ||     1
Ability: Breathe Frost     |       |       |     3 |     7 |     5 ||    15
  Evoke: Wand              |       |       |       |     3 |     1 ||     4
    Use: Potion            |       |     1 |     1 |     9 |     5 ||    16
         Scroll            |       |       |     2 |    14 |    10 ||    26
   Stab: Sleeping          |       |       |     1 |       |       ||     1
         Paralysed         |       |       |       |     4 |       ||     4
 Armour: Skin              |    34 |    27 |    93 |   208 |   220 ||   582
  Dodge: Dodged            |    40 |    42 |    85 |   220 |   180 ||   567
         Repelled          |       |       |       |       |     6 ||     6
  Block: Other             |       |       |       |    19 |    47 ||    66
         Buckler           |       |       |       |       |    82 ||    82
